 Dungeon Crawl Stone Soup version 0.30-a0-723-gc1506a1cf0 (webtiles) character file.

Game seed: 6607286402951098300

12505 Flugkiller the Zephyrmancer (level 11, 0/74 HPs)
             Began as an Octopode Chaos Knight on Jan 28, 2023.
             Was a Plaything of Xom.
             Succumbed to a centaur's poison
             ... on level 11 of the Dungeon.
             The game lasted 00:19:00 (12727 turns).

Flugkiller the Zephyrmancer (OpCK)                 Turns: 12727, Time: 00:19:00

Health: 0/74       AC:  4    Str: 19 (21) XL:     11   Next: 94%
Magic:  18/20      EV: 14    Int: 16 (17) God:    Xom [*.....]
Gold:   315        SH:  9    Dex: 13 (14) Spells: 18/22 levels left

rFire   + . .      SeeInvis .    m - +4 trident (venom)
rCold   . . .      Faith    .    Q - +0 kite shield
rNeg    . . .      Spirit   .    d - +2 hat
rPois   .          Reflect  .    (no amulet)
rElec   .          Harm     .    v - ring of resist corrosion
rCorr   +          Rampage  .    f - +6 ring of strength
Will    .....      Clarity  +    (no ring)
Stlth   ++++                     (no ring)
HPRegen 0.32/turn                (no ring)
MPRegen 0.17/turn                (no ring)
                                 (no ring)
                                 (no ring)

@: lethally poisoned (0 -> -25)
A: almost no armour, amphibious, 8 rings, camouflage 1, gelatinous body 1,
(nimble swimmer 1), tentacles, clarity, clever 1, deterioration 1, fire
resistance 1, shaggy fur 1, strong 1
a: Renounce Religion


You were on level 11 of the Dungeon.
You worshipped Xom.
You were a special plaything of Xom.
You visited 1 branch of the dungeon, and saw 11 of its levels.
You also visited: Ossuary.

You collected 788 gold pieces.
You spent 473 gold pieces at shops.

Inventory:

Hand Weapons
 i - the +2 spear of Gozag's Supremacy {elec, rC++}
   (You bought it in a shop on level 1 of the Dungeon)

   rC:        It greatly protects you from cold.
 m - a +4 trident of venom (weapon)
   (You took it off Robin on level 2 of the Dungeon)
Missiles
 u - 4 throwing nets
 y - 3 curare-tipped darts
Armour
 d - a +2 hat (worn)
   (You found it on level 3 of the Dungeon)
 o - a +1 buckler
   (You bought it in a shop on level 1 of the Dungeon)
 Q - a +0 kite shield (worn)
   (You took it off a gnoll sergeant on level 9 of the Dungeon)
Jewellery
 f - a +6 ring of strength (right tentacle)
   (You found it on level 6 of the Dungeon)
 v - a ring of resist corrosion (left tentacle)
   (You found it on level 3 of the Dungeon)
Wands
 j - a wand of roots (16)
   (You found it on level 4 of the Dungeon)
 x - a wand of paralysis (22)
   (You found it on level 4 of the Dungeon)
 L - a wand of flame (7)
   (You found it on level 6 of the Dungeon)
 N - a wand of mindburst (24)
   (You found it on level 8 of the Dungeon)
 O - a wand of digging (8)
   (You found it on level 8 of the Dungeon)
 S - a wand of polymorph (3)
   (You found it on level 10 of the Dungeon)
Scrolls
 c - 5 scrolls of fog
 e - 3 scrolls of magic mapping
 k - a scroll of summoning
 p - 3 scrolls of poison
 t - 6 scrolls of teleportation
 z - a scroll of blinking
 B - a scroll of immolation
 E - a scroll of fear
 G - a scroll of brand weapon
 I - a scroll of enchant armour
 J - 3 scrolls of silence
 M - a scroll of enchant weapon
 P - a scroll of vulnerability
Potions
 a - 4 potions of attraction
 g - 5 potions of brilliance
 h - 2 potions of haste
 l - 2 potions of mutation
 n - a potion of resistance
 q - 11 potions of curing
 w - 4 potions of heal wounds
 A - a potion of ambrosia
 D - 4 potions of flight
 F - a potion of lignification
 H - 2 potions of degeneration
 K - a potion of cancellation
 R - a potion of berserk rage {unknown}
Miscellaneous
 b - a piece from Xom's chessboard (13/15) (quivered)
 s - a condenser vane
   (You found it on level 11 of the Dungeon)


   Skills:
 + Level 6.7 Fighting
 + Level 6.7 Polearms
 + Level 7.7 Dodging
 - Level 5.0 Stealth
 + Level 5.1 Shields
 - Level 6.0 Spellcasting
 - Level 8.0 Summonings
 - Level 8.0 Air Magic
 - Level 4.0 Evocations


You had 18 spell levels left.
You knew the following spells:

 Your Spells              Type           Power      Damage    Failure   Level
a - Summon Lightning Spi  Summ/Air       30%        N/A       14%         4

Your spell library contained the following spells:

 Spells                   Type           Power      Damage    Failure   Level
 Slow                     Hex            16%        N/A       36%         1
 Blink                    Tloc           8%         N/A       50%         2
 Lesser Beckoning         Tloc           8%         N/A       50%         2
 Momentum Strike          Conj/Tloc      8%         3d8       50%         2
 Confusing Touch          Hex            4%         N/A       75%         3
 Ignite Poison            Fire/Tmut/Pois 4%         N/A       75%         3
 Stone Arrow              Conj/Erth      8%         3d7       75%         3
 Vampiric Draining        Necr           4%         2d6       75%         3
 Sticky Flame             Conj/Fire      4%         2d3       98%         4
 Storm Form               Tmut/Air       8%         N/A       100%        7
 Ignition                 Fire           2%         3d3       100%        8
 Lehudib's Crystal Spear  Conj/Erth      2%         10d2      100%        8
 Maxwell's Capacitive Co  Air            15%        ∞         100%        8
 Animate Armour           Summ/Erth      Unusable   N/A       N/A         4

Dungeon Overview and Level Annotations

Branches:
Dungeon (11/15) Zot: 25795  Temple (0/1) D:4            Lair (0/5) D:8
    Orc (0/2) D:9         Ossuary (visited)

Altars:
Cheibriados
Fedhas
Hepliaklqana
Okawaru
Zin
The Shining One

Shops:
D:1 (([=   D:7 !*   D:9 (

Annotations:
D:2 Jessica
D:7 exclusion: downstairs


Innate Abilities, Weirdness & Mutations

You cannot wear most types of armour.
You are amphibious.
You can wear up to eight rings at the same time.
Your skin changes colour to match your surroundings (Stealth+).
Your rubbery body absorbs attacks. (AC +1, EV +1)
((You are camouflaged when in or above water. (Stealth+)))
You have tentacles for arms and can constrict up to eight enemies at once.
You possess an exceptional clarity of mind.
Your mind is acute. (Int +4, Str/Dex -1)
Your body sometimes deteriorates upon taking damage.
Your flesh is heat resistant. (rF+)
You are covered in fur. (AC +1)
Your muscles are strong. (Str +4, Int/Dex -1)


Message History

Your surroundings suddenly seem different.
A kobold brigand is nearby!
A kobold brigand is nearby!
You reach to attack!
You completely miss the orc priest.
The orc priest shouts!
The kobold brigand shouts!
You hear two shouts!
You hear a shout!
You puncture the orc priest!
The orc priest is poisoned.
Your grab misses the orc priest.
The orc priest is heavily wounded.
The orc priest misses you.
The kobold brigand throws a poisoned dart.
You block the poisoned dart.
You hit the orc priest.
The orc priest looks as sick as possible!
Your grab misses the orc priest. You squeeze the orc priest.
You kill the orc priest!
A two-headed ogre comes into view.
It is wielding a +0 giant club and a +0 giant spiked club.
You reach to attack!
You barely miss the kobold brigand. You barely miss the kobold brigand.
You grab the kobold brigand. You squeeze the kobold brigand!
The kobold brigand is moderately wounded.
You constrict the kobold brigand. The kobold brigand barely misses you.
You barely miss the kobold brigand. You squeeze the kobold brigand.
The kobold brigand is severely wounded.
You constrict the kobold brigand.
The kobold brigand hits you with a +0 dagger.
You puncture the kobold brigand!
You kill the kobold brigand!
You reach to attack!
You puncture the two-headed ogre!
The two-headed ogre is lightly wounded.
A troll comes into view.
You hit the two-headed ogre.
The two-headed ogre is moderately wounded.
You block the two-headed ogre's attack.
The two-headed ogre hits you with a +0 giant spiked club!!
As you read the scroll of teleportation, it crumbles to dust.
You feel strangely unstable.
Unknown command.
The two-headed ogre misses you.
The two-headed ogre hits you with a +0 giant spiked club!
Your surroundings suddenly seem different.
You start resting.
A centaur comes into view. It is wielding a +2 whip of venom.
Casting: Summon Lightning Spire (dangerous; 13% risk of failure)
Confirm with . or Enter, or press ? or * to list all spells.
An electric hum fills the air.
You start resting.
You hear a twanging sound.
An arrow appears from out of your range of vision.
The arrow hits your lightning spire.
You start resting.
You hear a twanging sound.
An arrow appears from out of your range of vision.
The arrow hits your lightning spire.
You hear a twanging sound.
An arrow appears from out of your range of vision.
The arrow hits your lightning spire.
You hear a twanging sound.
An arrow appears from out of your range of vision.
The arrow hits your lightning spire but does no damage.
You hear a twanging sound.
An arrow appears from out of your range of vision.
The arrow hits your lightning spire but does no damage.
You hear a twanging sound.
An arrow appears from out of your range of vision.
The arrow hits your lightning spire but does no damage.
Your lightning spire cannot move out of your way!
Your lightning spire cannot move out of your way!
The centaur shoots an arrow.
The arrow hits your lightning spire!
Your lightning spire is destroyed!
Your lightning spire disappears in a puff of smoke!
The centaur shoots an arrow.
The arrow hits you.
The centaur shoots an arrow.
You block the arrow.
The centaur shoots an arrow.
The arrow barely misses you.
The centaur shoots an arrow.
The arrow hits you!
Your body deteriorates!
You feel dopey.
The centaur shoots an arrow.
The arrow hits you!
The centaur shoots an arrow.
The arrow hits you.
* * * LOW HITPOINT WARNING * * *
You are too injured to fight recklessly!
You are too injured to fight recklessly!
The centaur unwields a +0 shortbow.
The centaur wields a +2 whip of venom.
It begins to drip with poison!
The centaur barely misses you. The centaur kicks you.
* * * LOW HITPOINT WARNING * * *
There is an open door here.
You puncture the centaur! You squeeze the centaur!
The centaur is almost dead.
The centaur hits you with a +2 whip of venom.
* * * LOW HITPOINT WARNING * * *
You are poisoned.
You block the centaur's attack.
The centaur hits you with a +2 whip of venom!
* * * LOW HITPOINT WARNING * * *
You are more poisoned.
The centaur kicks you but does no damage.
You hit the centaur.
You kill the centaur!
You die...
Xom guffaws!

#........# #...#..
#........###########...#..
#......................#..
#........##''######....#..
#........#........#....#8.
#........#........#....#..
######...#........#....#..
#...#).......#....#..
#...@........#....#..
#...#........#....#..
##...#........#....#..
#....#........#....#..
####....##########....#..
#.......................)
#........................
#............#########...
#............# #...


There were no monsters in sight!

Vanquished Creatures
  A centaur warrior (D:10)
  A two-headed ogre (D:8)
  An unseen horror (D:6)
  3 trolls
  2 hornets (D:9)
  A shadow (D:11)
  2 wyverns
  2 yaks (D:9)
  A nameless horror (D:9)
  3 wraiths
  A yak (shapeshifter) (D:4)
  4 wargs (D:11)
  A water moccasin (D:7)
  An acid dragon (D:8)
  2 black bears
  2 orc warriors (D:9)
  An ice beast (D:7)
  2 sky beasts (D:7)
  A hornet zombie (Ossuary)
  5 ogres
  4 centaurs
  10 kobold brigands
  9 bullfrogs
  2 necrophages
  3 gnoll sergeants
  A water moccasin zombie (Ossuary)
  8 wights (D:8)
  3 howler monkeys (D:9)
  5 centaur zombies (Ossuary)
  5 bullfrog zombies (Ossuary)
  5 orc priests
  A gnoll bouda (D:9)
  2 hounds (D:6)
  2 jellies (D:6)
  7 iguanas
  4 orc wizards
  A killer bee zombie (Ossuary)
  2 howler monkey zombies (Ossuary)
  14 mummies (Ossuary)
  Robin (D:2)
  15 gnolls
  7 adders
  2 shadow imps
  2 white imps (D:6)
  An ufetubus (D:5)
  4 dart slugs
  16 orcs
  12 ball pythons
  9 bats
  7 endoplasms
  A giant cockroach (D:1)
  11 hobgoblins
  3 jackals (D:1)
  3 quokkas (D:2)
  A frilled lizard (D:2)
  8 goblins
  35 kobolds
  22 rats
285 creatures vanquished.

Vanquished Creatures (collateral kills)
  A boulder beetle (D:11)
  2 cyclopes (D:11)
  A kobold demonologist (D:11)
  A troll (D:11)
  6 wargs (D:11)
  An orc warrior (D:9)
  An ogre (D:9)
  A centaur (D:11)
  A kobold brigand (D:11)
  5 howler monkeys
  An orc wizard (D:11)
  An iguana (D:7)
  A mummy (Ossuary)
  2 gnolls (D:9)
  2 orcs (D:9)
27 creatures vanquished.

Vanquished Creatures (others)
  A plant (D:11)
  3 withered plants (Ossuary)
4 creatures vanquished.

Grand Total: 316 creatures vanquished

Notes
Turn   | Place    | Note
-------+----------+-------------------------------------------
     0 | D:1      | Flugkiller the Octopode Chaos Knight began the quest for
                  | the Orb.
     0 | D:1      | Reached XP level 1. HP: 16/16 MP: 1/1
    32 | D:1      | Found Tenoti Pitoo's Antique Weapon Shop.
    85 | D:1      | Reached XP level 2. HP: 15/21 MP: 2/2
   189 | D:1      | Found Orrak's Antique Armour Shoppe.
   217 | D:1      | XOM: silly message
   382 | D:1      | Found Sasch's Jewellery Shop.
   386 | D:1      | XOM: noise
   517 | D:1      | Found Xeuhos's Weapon Shoppe.
   643 | D:1      | XOM: stat loss: -1 Dex (10/11)
   689 | D:2      | Reached XP level 3. HP: 26/26 MP: 3/3
   832 | D:1      | Bought an ivory spear for 160 gold pieces
   832 | D:1      | Identified the +2 spear of Gozag's Supremacy {elec, rC++}
                  | (You bought it in a shop on level 1 of the Dungeon)
   883 | D:2      | XOM: god gift: 4 stones
  1154 | D:2      | XOM: 8-stop teleportation journey
  1239 | D:2      | Noticed Jessica
  1240 | D:2      | Noticed Robin
  1281 | D:2      | XOM: butterfly on damage
  1385 | D:2      | Reached XP level 4. HP: 33/33 MP: 4/4
  1394 | D:2      | XOM: noise
  1456 | D:2      | Killed Robin
  1568 | D:2      | XOM: silly message
  1633 | D:2      | XOM: noise
  1924 | D:3      | Identified the +1 ring mail of Itenua Lucub {+Blink rElec
                  | rCorr}
  1991 | D:3      | Reached XP level 5. HP: 36/37 MP: 5/5
  2097 | D:3      | XOM: 1-stop teleportation journey
  2397 | D:1      | Bought a buckler for 121 gold pieces
  2497 | D:4      | XOM: god gift: fuming green potion {god gift}
  2572 | D:4      | Found a staircase to the Ecumenical Temple.
  2630 | D:4      | Found the +7 Kryia's mail coat {PotionHeal*2 rC+}
  2656 | D:4      | XOM: chaos upgrade
  2669 | D:4      | XOM: silly message
  2737 | D:4      | Found a blossoming altar of Fedhas.
  2784 | D:4      | XOM: silly message
  2788 | D:4      | XOM is BORED!
  2788 | D:4      | XOM: give mutation
  2788 | D:4      | Gained mutation: Your body sometimes deteriorates upon
                  | taking damage. [Xom's mischief]
  3099 | D:4      | Reached skill level 1 in Evocations
  3106 | D:4      | XOM: 4-stop teleportation journey
  3170 | D:4      | a scorpion changed into a shapeshifter
  3170 | D:4      | Noticed a shapeshifter (shapeshifter)
  3170 | D:4      | XOM: polymorph scorpion -> shapeshifter
  3170 | D:4      | a shapeshifter changed into a yak
  3170 | D:4      | Noticed a yak (shapeshifter)
  3180 | D:4      | Killed a yak
  3181 | D:4      | Reached XP level 6. HP: 17/43 MP: 6/6
  3615 | D:4      | Reached skill level 1 in Shields
  3740 | D:5      | Entered Level 5 of the Dungeon
  3807 | D:5      | Reached XP level 7. HP: 45/48 MP: 7/7
  3897 | D:5      | Noticed a wyvern
  3903 | D:5      | Killed a wyvern
  3904 | D:5      | Reached skill level 5 in Dodging
  3967 | D:5      | XOM: silly message
  4186 | D:5      | Reached XP level 8. HP: 43/54 MP: 8/8
  4507 | D:5      | Reached skill level 5 in Stealth
  4673 | D:5      | XOM: summons 5 hostile demons
  4922 | D:6      | Killed an unseen horror
  4923 | D:6      | Reached skill level 5 in Fighting
  4923 | D:6      | Reached skill level 5 in Polearms
  4964 | D:6      | XOM: summons 3 hostile shadow creatures
  5140 | D:6      | XOM: confuse monster(s)
  5407 | D:6      | Reached skill level 1 in Spellcasting
  5407 | D:6      | Reached XP level 9. HP: 37/62 MP: 8/10
  5429 | D:5      | Learned a level 4 spell: Summon Lightning Spire
  5884 | D:6      | XOM: noise
  6204 | D:6      | XOM: god gift: scroll labelled ETREKHL DUONO {god gift}
  6812 | D:7      | Found a hazy altar of Hepliaklqana.
  6838 | D:7      | XOM: summons 6 friendly demons
  6856 | D:7      | Reached skill level 1 in Summonings
  6856 | D:7      | Reached skill level 1 in Air Magic
  6982 | D:7      | XOM: smoke on damage
  7040 | D:7      | Found Vary's Assorted Antiques.
  7049 | D:7      | Bought a scroll labelled GUPOHE DUISK for 36 gold pieces
  7049 | D:7      | Bought a scroll labelled ZEM WOOSTAIMM for 36 gold pieces
  7069 | D:7      | Found Cuoton's Distillery.
  7074 | D:7      | Bought a potion of heal wounds for 75 gold pieces
  7074 | D:7      | Bought a potion of lignification for 45 gold pieces
  7583 | D:8      | You fall into a shaft and drop 1 floor!
  7610 | D:9      | Noticed a hornet
  7627 | D:8      | Noticed a two-headed ogre
  7657 | D:8      | Found an iron altar of Okawaru.
  7680 | D:8      | Found a sand-covered staircase.
  7692 | D:8      | Reached XP level 10. HP: 59/68 MP: 11/11
  7704 | Ossuary  | Entered an ossuary
  7715 | Ossuary  | XOM: confuse monster(s)
  7820 | Ossuary  | Reached skill level 5 in Summonings
  7820 | Ossuary  | Reached skill level 5 in Air Magic
  7952 | Ossuary  | XOM: enchant monster (good)
  8206 | D:8      | Found a staircase to the Lair.
  8559 | D:8      | XOM: polymorph orc -> kobold
  8674 | D:7      | XOM: give mutations
  8674 | D:7      | Gained mutation: Your flesh is heat resistant. (rF+) [Xom's
                  | grace]
  8674 | D:7      | Gained mutation: You possess an exceptional clarity of
                  | mind. [Xom's grace]
  8769 | D:8      | Found an iron altar of Okawaru.
  8794 | D:8      | XOM: 1-stop teleportation journey
  8858 | D:8      | XOM: give mutations
  8858 | D:8      | Gained mutation: Your muscles are strong. (Str +4, Int/Dex
                  | -1) [Xom's grace]
  8858 | D:8      | Gained mutation: Your mind is acute. (Int +4, Str/Dex -1)
                  | [Xom's grace]
  8858 | D:8      | Gained mutation: You are covered in fur. (AC +1) [Xom's
                  | grace]
  9030 | D:8      | Found a staircase to the Lair.
  9055 | D:8      | XOM: god gift: potion of attraction
  9105 | D:8      | XOM: scenery: summon butterflies
  9153 | D:8      | XOM: butterfly on damage
  9164 | D:8      | Killed a two-headed ogre
  9457 | D:9      | XOM: summons 3 friendly demons
  9690 | D:9      | XOM: divination: magic mapping
  9851 | D:9      | Found Weoshras's Weapon Emporium.
 10204 | D:9      | Found a glowing golden altar of the Shining One.
 10207 | D:9      | Found a snail-covered altar of Cheibriados.
 10211 | D:9      | Found a glowing silver altar of Zin.
 10334 | D:9      | XOM is BORED!
 10334 | D:9      | XOM: summons 1 hostile demon
 10377 | D:9      | Found a staircase to the Orcish Mines.
 10399 | D:9      | XOM: summons 5 hostile demons
 10498 | D:9      | XOM: stat loss: -1 Str (20/21)
 10504 | D:9      | XOM: swap monsters
 10509 | D:9      | Reached XP level 11. HP: 60/72 MP: 11/16
 10513 | D:9      | XOM: summons 1 hostile demon
 10536 | D:9      | XOM: blink monster(s)
 10538 | D:9      | XOM: draining
 10539 | D:9      | XOM: polymorph gnoll -> bullfrog
 10542 | D:9      | XOM: silly message
 10550 | D:9      | XOM: draining
 10815 | D:10     | Entered Level 10 of the Dungeon
 10859 | D:10     | Noticed a centaur warrior
 10874 | D:10     | Killed a centaur warrior
 10875 | D:10     | Reached skill level 5 in Spellcasting
 10897 | D:10     | XOM: silly message
 11253 | D:10     | XOM: chaos upgrade
 11503 | D:10     | XOM: stat loss: -1 Dex (10/14)
 11543 | D:11     | XOM: silly message
 12205 | D:11     | XOM: smoke on damage
 12317 | D:11     | Noticed a two-headed ogre
 12319 | D:11     | XOM: 1-stop teleportation journey
 12361 | D:11     | Noticed a cyclops
 12373 | D:11     | Killed a cyclops
 12519 | D:11     | Noticed a boulder beetle
 12525 | D:11     | XOM: butterfly on damage
 12531 | D:11     | XOM: blink monster(s)
 12531 | D:11     | Killed a boulder beetle
 12666 | D:11     | Noticed a cyclops
 12676 | D:11     | Killed a cyclops
 12677 | D:11     | Reached skill level 5 in Shields
 12683 | D:11     | XOM: 1-stop teleportation journey
 12692 | D:11     | Noticed a two-headed ogre
 12727 | D:11     | Succumbed to a centaur's poison

Illustrated notes

Levels and vault maps discovered:
D:1:      minmay_arrival_open_corners, layout_basic, serial_shops,
          nicolae_shop_window_shopping, nicolae_shop_hallway_stairs, shop_coins,
          nicolae_shop_trees
D:2:      layout_basic, hex_tiny, minmay_rat_hole, uniq_jessica, uniq_robin
D:3:      layout_rooms
D:4:      layout_loops_ring, mainiacjoe_overflow_cross_hatched,
          lemuel_temple_firewalk_b
D:5:      layout_gridville
D:6:      layout_layer_cave, minmay_hedge_maze, corexii_corridor_pit,
          st_stairs_2, minmay_puff
D:7:      layout_basic, mainiacjoe_overflow_boulevard, serial_shops,
          nicolae_shop_hallway_plus, nicolae_shop_crystal
D:8:      layout_rooms, okawaru_metal_pillars_3, lair_entry_dummy,
          nicolae_ossuary_entry_ruins
D:9:      layout_loops_corners, grunt_temple_overflow_diamond,
          kennysheep_orc_monster_closet_entryway, serial_shops, shop_fountains
D:10:     layout_roguey
D:11:     lemuel_castle_with_subvaults [lemuel_castle_interior_carwin_2],
          layout_irregular_city, tgw_xom

Skill      XL: |  1  2  3  4  5  6  7  8  9 10 11 |
---------------+----------------------------------+-----
Polearms       | 4 6 |  6.7
Fighting       | 4 6 |  6.7
Dodging        | 3 4 5 7 |  7.7
Evocations     | 4 |  4.0
Shields        | 1 4 5 |  5.1
Stealth        | 4 5 |  5.0
Spellcasting   | 1 3 6 |  6.0
Summonings     | 4 6 8 |  8.0
Air Magic      | 4 8 |  8.0

Action                     |  1- 3 |  4- 6 |  7- 9 | 10-12 || total
---------------------------+-------+-------+-------+-------++-------
  Melee: Spear             |    73 |   152 |   197 |       ||   422
         Tentacles         |    11 |    18 |    41 |    83 ||   153
         Constrict         |    10 |    22 |    37 |    53 ||   122
         Punch             |     1 |     1 |     5 |     8 ||    15
         Trident           |       |       |    41 |   371 ||   412
   Cast: Summon Lightning  |       |       |       |    30 ||    30
  Evoke: Piece from Xom's  |       |     3 |     1 |     7 ||    11
         Wand              |       |     1 |    13 |     2 ||    16
    Use: Scroll            |       |     4 |     7 |    18 ||    29
         Potion            |       |       |     2 |     2 ||     4
   Stab: Sleeping          |    10 |     4 |    12 |     9 ||    35
         Paralysed         |     1 |       |     2 |       ||     3
         Distracted        |       |     1 |     1 |     4 ||     6
         Confused          |       |       |       |     2 ||     2
 Armour: Skin              |    13 |     6 |    11 |    57 ||    87
  Dodge: Dodged            |    43 |    69 |    97 |   199 ||   408
  Block: Buckler           |       |     6 |    30 |    58 ||    94
         Kite shield       |       |       |       |    21 ||    21

Table legend: (Time is in decaauts)
 A = Elapsed time spent in this place.
 B = Non-inter-level travel time spent in this place.
 C = Inter-level travel time spent in this place.
 D = Time resting spent in this place.
 E = Time spent auto-exploring this place.
 F = Levels seen in this place.
 G = Mean time per level.
                   A        B        C        D        E       F      G
               +--------+--------+--------+--------+--------+-----+--------+
         Total |  12742 |  11864 |    878 |   2817 |   6176 |  12 | 1061.8 |
       Dungeon |  12339 |  11461 |    878 |   2734 |   6061 |  11 | 1121.7 |
       Ossuary |    403 |    403 |      0 |     83 |    115 |   1 |  403.0 |
               +--------+--------+--------+--------+--------+-----+--------+

Top non-repeatable levels by time:
     D:6: 1833 daAuts
     D:9: 1448 daAuts
     D:8: 1278 daAuts
    D:11: 1204 daAuts
     D:2: 1138 daAuts
     D:4: 1135 daAuts
     D:5: 1022 daAuts
     D:7: 978 daAuts
     D:1: 853 daAuts
    D:10: 744 daAuts
     D:3: 701 daAuts
 Ossuary: 403 daAuts
